 Dungeon Crawl Stone Soup version 0.26-a0-665-gefeb406119 (webtiles) character file.

Game seed: 11814531741021557407

673 snetch the Chopper (level 7, -3/61 HPs)
             Began as a Minotaur Berserker on Oct 13, 2020.
             Was a Priest of Trog.
             Slain by an ogre
             ... wielding a +0 giant club
              (13 damage)
             ... on level 4 of the Dungeon.
             The game lasted 00:11:19 (2909 turns).

snetch the Chopper (Minotaur Berserker)             Turns: 2909, Time: 00:11:20

Health: -3/61      AC:  8    Str: 23    XL:     7   Next: 33%
Magic:  6/6        EV: 11    Int:  4    God:    Trog [***...]
Gold:   222        SH:  3    Dex: 10    Spells: 6/6 levels left

rFire    . . .     SeeInvis .   l - +1 spear (venom)
rCold    . . .     Faith    .   i - +0 buckler
rNeg     . . .     Spirit   .   e - +0 ring mail (curse)
rPois    .         Reflect  .   (helmet restricted)
rElec    .         Harm     .   (no cloak)
rCorr    .         Rampage  .   t - +1 pair of gloves
MR       ++...                  (no boots)
Stlth    +.........             p - amulet of the acrobat
HPRegen  1.20/turn              (no ring)
MPRegen  0.10/turn              (no ring)

@: regenerating
A: retaliatory headbutt, horns 2
a: Berserk, Trog's Hand, Renounce Religion


You were on level 4 of the Dungeon.
You worshipped Trog.
Trog was most pleased with you.
You visited 2 branches of the dungeon, and saw 6 of its levels.

You collected 222 gold pieces.

Inventory:

Hand Weapons
 a - a +0 hand axe
 g - a +0 flail
 l - a +1 spear of venom (weapon)
 s - a +0 halberd
 x - a +2 dagger of draining
 C - a +0 trident
Missiles
 b - 32 poisoned darts (quivered)
 d - 114 stones
 q - 25 sling bullets
 w - 57 arrows
Armour
 e - a cursed +0 ring mail (worn)
 i - a +0 buckler (worn)
 o - a +0 chain mail
 t - a +1 pair of gloves (worn)
Jewellery
 p - an amulet of the acrobat (around neck)
 B - a +4 ring of evasion
Wands
 u - a wand of paralysis (12)
Scrolls
 h - a scroll of random uselessness {unknown}
 k - 5 scrolls of identify {unknown}
 m - 2 scrolls of noise {unknown}
 r - 2 scrolls of enchant armour {unknown}
 v - 2 scrolls of amnesia {unknown}
 y - 2 scrolls of blinking {unknown}
 D - a scroll of fear {unknown}
Potions
 c - 2 potions of haste
 f - 3 potions of curing {unknown}
 j - a potion of heal wounds {unknown}
 n - a potion of mutation {unknown}
 z - a potion of flight {unknown}
 A - a potion of berserk rage {unknown}


   Skills:
 + Level 5.4 Fighting
 + Level 5.4(6.4) Axes
 + Level 5.1(6.2) Polearms
 + Level 4.8 Armour
 + Level 3.5 Dodging
 + Level 0.2 Stealth
 + Level 1.0 Shields


You had 6 spell levels left.
You didn't know any spells.
Your spell library was empty.

Dungeon Overview and Level Annotations

Branches:
Dungeon (5/15)             Temple (1/1) D:4

Altars:
Ashenzari
Dithmenos
Elyvilon
Fedhas
Gozag
Hepliaklqana
Kikubaaqudgha
Nemelex Xobeh
Okawaru
Qazlal
Ru
Uskayaw
Vehumet
Wu Jian
Xom
Yredelemnul
Zin
The Shining One

Shops:
D:4 }

Annotations:
D:3 deep water


Innate Abilities, Weirdness & Mutations

You reflexively headbutt those who attack you in melee.
You have a pair of horns on your head.


Message History

You feel resistant to hostile enchantments.
Eustachio closely misses you.
You closely miss Eustachio. Your headbutt misses Eustachio.
Eustachio is almost dead.
Eustachio hits you but does no damage.
You barely miss Eustachio.
Eustachio is almost dead.
You kill Eustachio!
Trog accepts your kill.
Trog appreciates your killing of a magic user.
Your base Polearms skill increases to level 5!
Your Shields skill increases to level 1!
The ogre hits you with a +0 giant club!!
* * * LOW HITPOINT WARNING * * *
You hit the ogre.
The ogre is poisoned.
The ogre is lightly wounded.
You puncture the ogre!
The ogre is moderately wounded.
The ogre hits you with a +0 giant club!
You die...

###..# #....#
#....# ######...#
#...##...#
#...#....####
#...###.....#
#######..####......
#[@...#...##...##..
#.O)..#............
#..[#....#####.#...
#...###.## ##.....
#...# ### #......
........# ##.
#......
#.......##...
........
#..........#
.###....
##......... #....


You could see an ogre (very poisoned).

Vanquished Creatures
  Eustachio (D:4)
  A phantom (D:4)
  A centaur (D:4)
  A scorpion (D:4)
  A hound (D:3)
  A bullfrog skeleton (D:4)
  Natasha (thrice) (D:3)
  4 adders
  4 gnolls (D:2)
  An ooze (D:3)
  An adder skeleton (D:4)
  A worm (D:2)
  2 dart slugs (D:1)
  3 leopard geckos
  7 orcs (D:3)
  A ball python (D:3)
  5 giant cockroaches
  12 hobgoblins
  12 jackals
  3 kobolds (D:1)
  2 quokkas
  8 bats
  4 frilled lizards (D:1)
  7 goblins
  A quokka skeleton (D:4)
  9 rats
96 creatures vanquished.

Notes
Turn   | Place    | Note
-------+----------+-------------------------------------------
     0 | D:1      | snetch the Minotaur Berserker began the quest for the Orb.
     0 | D:1      | Reached XP level 1. HP: 19/19 MP: 0/0
    55 | D:1      | Reached XP level 2. HP: 8/27 MP: 1/1
   371 | D:1      | Reached XP level 3. HP: 16/33 MP: 2/2
   390 | D:1      | Reached ** piety under Trog
   658 | D:3      | Reached XP level 4. HP: 31/41 MP: 3/3
   666 | D:3      | Found a white marble altar of Elyvilon.
   806 | D:2      | Found a blossoming altar of Fedhas.
   806 | D:2      | Found a glowing golden altar of the Shining One.
  1228 | D:2      | Reached XP level 5. HP: 46/47 MP: 4/4
  1240 | D:2      | Reached skill level 5 in Axes
  1246 | D:2      | Reached skill level 1 in Polearms
  1248 | D:2      | HP: 1/47 [gnoll/+0 halberd (13)]
  1558 | D:2      | Found a faded altar of an unknown god.
  2076 | D:3      | Reached *** piety under Trog
  2089 | D:3      | Noticed Natasha
  2094 | D:3      | Killed Natasha
  2120 | D:4      | Noticed a centaur
  2122 | D:4      | Found a staircase to the Ecumenical Temple.
  2127 | D:4      | Killed a centaur
  2127 | D:4      | Reached skill level 5 in Fighting
  2127 | D:4      | Reached XP level 6. HP: 42/56 MP: 5/5
  2349 | D:3      | Noticed Natasha
  2353 | D:3      | Killed Natasha
  2543 | D:3      | Noticed Natasha
  2548 | D:3      | Killed Natasha
  2624 | D:4      | Found a sacrificial altar of Ru.
  2633 | Temple   | Entered the Ecumenical Temple
  2738 | D:4      | Found Bischaeth's Gadget Shoppe.
  2742 | D:5      | Entered Level 5 of the Dungeon
  2779 | D:4      | Reached XP level 7. HP: 60/61 MP: 6/6
  2891 | D:4      | Noticed Eustachio
  2907 | D:4      | Killed Eustachio
  2907 | D:4      | Reached skill level 5 in Polearms
  2907 | D:4      | Reached skill level 1 in Shields
  2909 | D:4      | Slain by an ogre

Illustrated notes

Levels and vault maps discovered:
D:1:      minmay_arrival_solitary_statue, layout_basic
D:2:      layout_rooms, gammafunk_temple_overflow_elements,
          chequers_ecumenical_altar_twisty
D:3:      layout_basic, elyvilon_altar_5, chequers_serial_rivers_micro_e,
          kennysheep_generic_room_12, uniq_natasha
D:4:      layout_cave_pools, old_standard_altar, temple_fountains, serial_shops,
          shop, minmay_misc_feat_encased, uniq_eustachio
D:5:      layout_loops_corners, grunt_temple_overflow_open
Temple:   zaba_magenta_temple

Skill      XL: |  1  2  3  4  5  6  7 |
---------------+----------------------+-----
Fighting       | 4 5 |  5.4
Axes           | 4 5 |  5.4
Armour         | 3 4 |  4.8
Dodging        | 3 |  3.5
Polearms       | 3 4 5 |  5.1
Shields        | 1 |  1.0
Stealth        | |  0.2

Action                   |  1- 3 |  4- 6 |  7- 9 || total
-------------------------+-------+-------+-------++-------
Melee: Hand axe          |    56 |    13 |       ||    69
       Headbutt          |    10 |    25 |     2 ||    37
       Spear             |       |   135 |    18 ||   153
Throw: Dart              |       |     3 |       ||     3
Invok: Berserk           |       |     1 |       ||     1
       Trog's Hand       |       |       |     1 ||     1
Armor: Animal skin       |     6 |       |       ||     6
       Ring mail         |     9 |    30 |     2 ||    41
Dodge: Dodged            |    50 |    62 |     5 ||   117
Block: Buckler           |       |    11 |     1 ||    12

Table legend: (Time is in decaauts)
 A = Elapsed time spent in this place.
 B = Non-inter-level travel time spent in this place.
 C = Inter-level travel time spent in this place.
 D = Time resting spent in this place.
 E = Time spent auto-exploring this place.
 F = Levels seen in this place.
 G = Mean time per level.
                   A        B        C        D        E       F      G
               +--------+--------+--------+--------+--------+-----+--------+
         Total |   2939 |   2821 |    118 |    433 |   1217 |   6 |  489.8 |
       Dungeon |   2862 |   2762 |    100 |    433 |   1160 |   5 |  572.4 |
        Temple |     76 |     58 |     18 |      0 |     57 |   1 |   76.0 |
               +--------+--------+--------+--------+--------+-----+--------+

Top non-repeatable levels by time:
     D:2: 1136 daAuts
     D:3: 708 daAuts
     D:1: 636 daAuts
     D:4: 376 daAuts
  Temple: 76 daAuts
     D:5: 4 daAuts
